 Dungeon Crawl Stone Soup version 0.20.1-1-g8b1a95d (webtiles) character file.

329 Mitsuki the Covered (level 6, -14/56 HPs)
             Began as a Deep Dwarf Fighter on Sept 11, 2017.
             Demolished by an ogre
             ... wielding a +0 giant spiked club
              (27 damage)
             ... on level 4 of the Dungeon.
             The game lasted 00:11:52 (2584 turns).

Mitsuki the Covered (Deep Dwarf Fighter)            Turns: 2584, Time: 00:11:53

Health: -14/56     AC:  9    Str: 21    XL:     6   Next: 25%
Magic:  0/6        EV:  7    Int:  9    God:
Gold:   240        SH: 10    Dex: 12    Spells: 5/5 levels left

rFire    . . .     SeeInvis .   a - +1 long sword
rCold    . . .     Gourm    .   c - +0 shield
rNeg     . . .     Faith    .   b - +0 scale mail
rPois    .         Spirit   +   (no helmet)
rElec    .         Reflect  .   i - scarf {Spirit}
rCorr    .         Harm     .   m - +1 pair of gloves
MR       .....                  (no boots)
Stlth    ..........             (no amulet)
Regen    0.0/turn               (no ring)
MPRegen  0.1/turn               (no ring)

@: non-regenerating
A: damage resistance, heal wounds, sense surroundings 1, no regeneration
a: Heal Wounds


You were on level 4 of the Dungeon.
You were hungry.

You visited 2 branches of the dungeon, and saw 5 of its levels.

You collected 240 gold pieces.

Inventory:

Hand Weapons
 a - a +1 long sword (weapon)
Armour
 b - a +0 scale mail (worn)
 c - a +0 shield (worn)
 i - a scarf of spirit shield (worn)
 m - a +1 pair of gloves (worn)
Scrolls
 g - 4 scrolls of identify
 j - 2 scrolls of enchant weapon
 k - a scroll of amnesia
 l - 3 scrolls of remove curse
 n - a scroll of recharging {unknown}
 o - a scroll of fear {unknown}
 s - a scroll of magic mapping
 t - 2 scrolls of teleportation
Potions
 d - 2 potions of might
 e - 3 potions of magic
 q - a potion of heal wounds
Comestibles
 f - a bread ration
 h - a royal jelly
 p - a meat ration
 r - 4 fruits


   Skills:
 + Level 3.4 Fighting
 + Level 4.5 Long Blades
 + Level 4.6 Armour
 + Level 4.5 Shields


You had 5 spell levels left.
You didn't know any spells.

Dungeon Overview and Level Annotations

Branches:
Dungeon (4/15)             Temple (1/1) D:4

Altars:
Ashenzari
Cheibriados
Elyvilon
Hepliaklqana
Kikubaaqudgha
Nemelex Xobeh
Okawaru
Qazlal
Ru
Sif Muna
Trog
Xom
The Shining One


Innate Abilities, Weirdness & Mutations

You are resistant to damage.
You can heal yourself by infusing magical energy.
You passively map a small area around you.
You do not regenerate.


Message History

You see here a scroll of teleportation.
t - 2 scrolls of teleportation (gained 1)
The ogre hits you with a giant spiked club!
* * * LOW HITPOINT WARNING * * *
You hit the ogre.
The ogre is lightly wounded.
You slash the ogre!
The ogre is heavily wounded.
The ogre hits you with a giant spiked club.
You closely miss the ogre.
The ogre is heavily wounded.
The ogre barely misses you.
You riposte.
You slash the ogre!
The ogre is severely wounded.
You closely miss the ogre.
The ogre is severely wounded.
You block the ogre's attack.
You hit the ogre.
The ogre is severely wounded.
The ogre hits you with a giant spiked club!!
You die...

###.## * + *
####....######### *, *
#...............# #.#
###..#.##.###.##..###.##
.....#....###.#.....#.#.
........................
........##.##.......#.#.
*
...#.#..##.###......#.#.
.... #.@....##)###..PP..
,.......O...##..#
#...... *
......?........#.......P
##.###..##.##..#....#...
,.. ..........#._..##..
, #
*##.?######,#....#... *
, ...# * #........ ####
,#.#.P..P. * **, *
###.....#


You could see an ogre.

Vanquished Creatures
  The ghost of zkobry the Chucker, an amateur DgHu (D:4)
  A bullfrog skeleton (D:4)
  A hound skeleton (D:4)
  A gnoll (D:2)
  4 adders (D:2)
  2 oozes (D:2)
  3 worms
  2 dart slugs
  3 leopard geckos
  5 orcs (D:3)
  4 giant cockroaches
  14 goblins
  3 hobgoblins
  6 jackals
  5 kobolds
  2 quokkas (D:2)
  A ball python (D:1)
  7 bats
  3 frilled lizards
  11 rats
  A withered plant (D:4)
80 creatures vanquished.

Notes
Turn   | Place    | Note
-------+----------+-------------------------------------------
     0 | D:1      | Mitsuki the Deep Dwarf Fighter began the quest for the Orb.
     0 | D:1      | Reached XP level 1. HP: 20/20 MP: 1/1
    79 | D:1      | Reached XP level 2. HP: 27/27 MP: 2/2
   555 | D:1      | Reached XP level 3. HP: 25/34 MP: 0/3
  1019 | D:2      | Reached XP level 4. HP: 25/42 MP: 0/4
  1656 | D:3      | Found an iron altar of Okawaru.
  1825 | D:3      | Reached XP level 5. HP: 32/49 MP: 0/5
  2270 | D:4      | Found a staircase to the Ecumenical Temple.
  2279 | Temple   | Entered the Ecumenical Temple
  2512 | D:4      | Noticed zkobry's ghost (amateur DgHu)
  2530 | D:4      | Killed zkobry's ghost
  2530 | D:4      | Reached XP level 6. HP: 28/56 MP: 0/6
  2536 | D:4      | Found an ancient bone altar of Kikubaaqudgha.
  2584 | D:4      | Demolished by an ogre

Skill      XL: |  1  2  3  4  5 |
---------------+----------------+-----
Fighting       | 3 |  3.4
Armour         | 4 |  4.6
Long Blades    | 3 4 |  4.5
Shields        | 4 |  4.5

Action                   |  1- 3 |  4- 6 || total
-------------------------+-------+-------++-------
Melee: Long sword        |   108 |   162 ||   270
  Use: Scroll            |       |     8 ||     8
       Potion            |       |     4 ||     4
  Eat: Chunk             |       |     5 ||     5
Armor: Scale mail        |    57 |    70 ||   127
Dodge: Dodged            |    43 |    34 ||    77
Block: Shield            |    61 |    87 ||   148
       Rpst.: Long sword |    15 |    17 ||    32
